Cogmind - Beta 10.2 @@@ ROGUE MODE // 2020.11.01 @ 16:59:34 // Halloween2020/ForbiddenLore Player: Plexion Result: Destroyed by EX-DEC with AWS/EX-DEC Performance ------------- Evolutions (1) 500 Regions Visited (5) 1000 Robots Destroyed (34) 170 Value Destroyed (570) 570 Prototype IDs (25) 500 Alien Tech Used (0) 0 Bonus (408) 408 TOTAL SCORE: 3148 Bonus ------- Follower Combat Kills 108 Aligned with FarCom 300 Cogmind --------- Core Integrity 0/400 Matter 82/300 Energy 309/310 System Corruption 0% Temperature Cool (0) Movement Treading (200) Ox2 Location -9/Exiles Parts ------- > --- POWER (1) -------- Reinforced Fission Core > --- PROPULSION (2) --- Improved Treads Improved Treads > --- UTILITY (4) ------ High-capacity Storage Unit High-capacity Storage Unit High-capacity Storage Unit > --- WEAPON (2) ------- Assault Rifle 8R-AWN's Boregun > --- INVENTORY (28) --- Ion Engine Light Ion Engine Aluminum Leg Aluminum Leg Medium Storage Unit Medium Storage Unit Large Storage Unit Large Storage Unit Advanced Weapon Cycler AS-neutralizer No. 17b EM Pulse Gun EM Pulse Gun Guided Plasma Cannon Light Assault Rifle Light Assault Rifle Light Assault Rifle Rocket Launcher Mini Grenade Launcher Peak State ------------ > --- POWER ------------ Reinforced Fission Core > --- PROPULSION ------- Improved Treads Improved Treads > --- UTILITY ---------- High-capacity Storage Unit High-capacity Storage Unit AS-neutralizer No. 17b > --- WEAPON ----------- Guided Plasma Cannon > --- INVENTORY -------- Ion Engine Light Ion Engine Aluminum Leg Aluminum Leg Large Storage Unit Advanced Weapon Cycler EM Pulse Gun EM Pulse Gun EM Pulse Gun Assault Rifle Light Assault Rifle Light Assault Rifle Light Assault Rifle 8R-AWN's Boregun Rocket Launcher Mini Grenade Launcher [Rating: 28] Favorites ----------- Power Improved Ion Engine Engine Improved Ion Engine Power Core Reinforced Fission Core Propulsion Aluminum Leg Treads Improved Treads Leg Aluminum Leg Utility Large Storage Unit Device AS-neutralizer No. 17b Storage Large Storage Unit Protection Hardened Light Armor Plating Weapon Light Assault Rifle Energy Gun EM Pulse Gun Energy Cannon Guided Plasma Cannon Ballistic Gun Light Assault Rifle Launcher Rocket Launcher Build | -11 -10 -10 -9 -9 -9 ------- Run | Scr Mat Min Mat Min Exi Slots Evolved 2 | . . . 2 . . Power . | . . . . . . Propulsion . | . . . . . . Utility 2 | . . . 2 . . Weapon . | . . . . . . Parts Attached 44 | 7 6 1 7 4 19 Power 4 | 1 1 . . . 2 Engine 3 | 1 1 . . . 1 Core 1 | . . . . . 1 Reactor . | . . . . . . Propulsion 7 | 3 . . . 2 2 Treads 5 | 1 . . . 2 2 Leg 2 | 2 . . . . . Wheel . | . . . . . . Hover . | . . . . . . Flight . | . . . . . . Utility 12 | 1 3 . 3 . 5 Device 1 | . . . . . 1 Storage 8 | 1 3 . 3 . 1 Processor . | . . . . . . Hackware . | . . . . . . Protection 3 | . . . . . 3 Artifact . | . . . . . . Weapon 21 | 2 2 1 4 2 10 Energy Gun 2 | . 1 . . . 1 Energy Cannon 3 | . . . . 1 2 Ballistic Gun 11 | 2 1 . 2 . 6 Ballistic Cannon . | . . . . . . Launcher 5 | . . 1 2 1 1 Special Weapon . | . . . . . . Impact Weapon . | . . . . . . Slashing Weapon . | . . . . . . Piercing Weapon . | . . . . . . Special Melee Weapon . | . . . . . . Unidentified Prototypes 2 | . . . . . 2 Parts Lost 9 | . . . . . 9 Power 1 | . . . . . 1 Propulsion 2 | . . . . . 2 Utility 3 | . . . . . 3 Weapon 3 | . . . . . 3 Highest Loss Streak 5 | . . . . . 5 Average Slot Usage (%) 96 | . 99 100 87 100 94 Engine 11 | . 14 14 11 11 8 Treads 10 | . . . . 18 22 Leg 14 | . 28 28 22 3 . Storage 33 | . 27 28 32 44 38 Ballistic Gun 17 | . 27 14 21 15 12 Launcher 5 | . . 14 . 6 6 Naked Turns . | . . . . . . Heaviest Build 125 | 10 42 44 106 108 125 Greatest Support 46 | 20 20 20 20 46 46 Greatest Overweight (x) 5 | 1 2 2 5 5 2 Average Overweight (x) 1 | . 1 2 2 2 1 Largest Inventory Capacity 32 | 6 16 16 32 32 32 Average Capacity 22 | 4 15 16 20 32 29 Most Carried 27 | 3 16 16 22 27 26 Average Carried 18 | 2 12 16 19 25 22 Final Capacity 32 | 6 16 16 32 32 28 Final Carried 26 | 3 16 16 22 26 18 Class Distribution -------------------- 58% | Hauler-Mutant 41% | Mutant Dominant Class ---------------- Mutant | -10/Materials Mutant | -10/Mines Hauler-Mutant | -9/Materials Hauler-Mutant | -9/Mines Hauler-Mutant | -9/Exiles Resources | -11 -10 -10 -9 -9 -9 ----------- Run | Scr Mat Min Mat Min Exi Matter Collected 854 | 182 138 100 114 40 280 Remotely . | . . . . . . Salvage Created 895 | . 98 42 236 86 433 Parts 82 | . 20 1 13 4 44 Haulers Intercepted . | . . . . . . Recyclers Shooed . | . . . . . . Parts Field Recycled . | . . . . . . Retrieved Matter . | . . . . . . Parts Self-Destructed . | . . . . . . Prevented . | . . . . . . Kills | -11 -10 -10 -9 -9 -9 ------- Run | Scr Mat Min Mat Min Exi Combat Hostiles Destroyed 22 | . 6 2 5 3 6 Guns 10 | . 6 . 3 . 1 Cannons 2 | . . . . 1 1 AOE 10 | . . 2 2 2 4 Classes Destroyed 8 | . 2 1 2 . 3 Turret 1 | . . . . . 1 Watcher 1 | . 1 . . . . Swarmer 6 | . 6 . . . . Grunt 6 | . . 2 2 2 . Duelist 2 | . . . 1 1 . Sentry 2 | . . . 2 . . Zionite 8 | . . . . . 8 Assembled 5 | . . . . . 5 Best Kill Streak 9 | . 3 2 3 3 9 Combat Bots Only 4 | . 3 2 3 3 4 Max Kills in Single Turn 3 | . 1 1 2 1 3 Gunslinging . | . . . . . . Exploded 3 | . . 1 2 1 3 Melee . | . . . . . . Uniques/NPCs Destroyed 3 | . . . . . 3 8R-AWN (-9/Exiles) EX-HEX (-9/Exiles) EX-BIN (-9/Exiles) Combat | -11 -10 -10 -9 -9 -9 -------- Run | Scr Mat Min Mat Min Exi Damage Taken 2359 | . 127 60 178 160 1834 Core 421 | . 9 11 44 12 345 Absorbed by Shields . | . . . . . . Core Remaining (%) 96 | 100 . 92 . . . Volleys Fired 140 | . 23 5 10 5 97 Largest 2 | . 2 1 2 2 2 Hottest 120 | . 40 30 40 76 120 Shots Fired 191 | . 36 5 19 8 123 Gun 159 | . 36 . 18 3 102 Cannon 22 | . . . . 3 19 Launcher 10 | . . 5 1 2 2 Special . | . . . . . . Kinetic 128 | . 26 . 18 3 81 Thermal 13 | . . . . . 13 Explosive 10 | . . 5 1 2 2 Electromagnetic 40 | . 10 . . 3 27 Robot Hit Streak 18 | . 4 1 7 14 18 Robot Miss Streak 8 | . 4 2 3 . 8 Penetration Max . | . . . . . . Secondary Targets . | . . . . . . Shots Hit Robots 118 | . 9 1 13 7 88 Core Hits 56 | . 7 5 9 4 31 Critical Hits 7 | . . . . . 7 Critical Kills 2 | . . . . . 2 Critical Parts Destroyed 4 | . . . . . 4 Melee Attacks . | . . . . . . Impact . | . . . . . . Slashing . | . . . . . . Piercing . | . . . . . . Sneak Attacks . | . . . . . . Combat Hostiles . | . . . . . . Follow-up Attacks . | . . . . . . Damage Inflicted 2595 | . 123 231 289 251 1701 Guns 1125 | . 123 . 133 14 855 Cannons 514 | . . . . 60 454 Explosions 947 | . . 222 156 177 392 Melee . | . . . . . . Ramming 9 | . . 9 . . . Kinetic 939 | . 123 . 133 14 669 Thermal 601 | . . . . 38 563 Explosive 793 | . . 222 156 139 276 Electromagnetic 253 | . . . . 60 193 Impact . | . . . . . . Slashing . | . . . . . . Piercing . | . . . . . . Highest Corruption . | . . . . . . Average Corruption . | . . . . . . Corruption Purged . | . . . . . . Overload Shots . | . . . . . . Overflow Damage 16 | . . . . . 16 Projectiles . | . . . . . . Explosions 16 | . . . . . 16 Melee . | . . . . . . Knockbacks . | . . . . . . Impact . | . . . . . . Kinetic . | . . . . . . Secondary . | . . . . . . Self-Inflicted Damage 54 | . . 12 . . 42 Shots 2 | . . 1 . . 1 Rammed . | . . . . . . Targets Rammed 1 | . . 1 . . . Kicked 1 | . . 1 . . . Crushed . | . . . . . . Highest Temperature 369 | . 20 5 7 70 369 Average Temperature 101 | . 9 2 3 34 120 Received Heat Transfer 138 | . . 27 63 48 . Effects 4 | . . . . . 4 Energy Bleed 1 | . . . . . 1 Interference 2 | . . . . . 2 Damage (minor) 1 | . . . . . 1 Siege Activations . | . . . . . . Robots Corrupted . | . . . . . . Combat Hostiles . | . . . . . . Parts Fried . | . . . . . . Impact Corruptions . | . . . . . . Robots Melted . | . . . . . . Combat Hostiles . | . . . . . . Parts Melted 1 | . . . . . 1 Heat Transferred 410 | . . . . 50 360 Parts Sabotaged . | . . . . . . Parts Stolen . | . . . . . . Parts Stripped . | . . . . . . Power Chain Reactions 3 | . . . . 1 2 Missiles Intercepted . | . . . . . . Alert | -11 -10 -10 -9 -9 -9 ------- Run | Scr Mat Min Mat Min Exi Peak Influence 241 | . 170 70 241 106 . Initial 21 | . . 5 . 21 . Average 42 | . 35 12 85 54 . Maximum Alert Level 1 | . . . 1 . . Low Security (%) 96 | 100 100 100 82 100 . Level 1 3 | . . . 17 . . Level 2 . | . . . . . . Level 3 . | . . . . . . Level 4 . | . . . . . . Level 5 . | . . . . . . High Security . | . . . . . . Max Security . | . . . . . . Squads Dispatched 2 | . . . 2 . . Investigation . | . . . . . . Extermination . | . . . . . . Reinforcement 2 | . . . 2 . . Assault . | . . . . . . Garrison . | . . . . . . Intercept . | . . . . . . Construction Impeded . | . . . . . . Haulers Reinforced . | . . . . . . Stealth | -11 -10 -10 -9 -9 -9 --------- Run | Scr Mat Min Mat Min Exi Distress Signals . | . . . . . . Communications Jammed . | . . . . . . Distress Signals . | . . . . . . Times Spotted 51 | . 10 2 14 3 22 Peak Tracking Total 12 | . 3 2 3 3 12 Tactical Retreats 8 | . 1 . . . 7 Traps | -11 -10 -10 -9 -9 -9 ------- Run | Scr Mat Min Mat Min Exi Traps Triggered 1 | . 1 . . . . Indirectly . | . . . . . . Trap Hack Attempts . | . . . . . . Triggered . | . . . . . . Disarmed 5 | . 5 . . . . Reprogrammed . | . . . . . . Reused 1 | . . . . 1 . Traps Extracted . | . . . . . . Installed 5 | . . . . 1 4 Triggered 1 | . . . . 1 . Exploded 3 | . . . . . 3 Machines | -11 -10 -10 -9 -9 -9 ---------- Run | Scr Mat Min Mat Min Exi Machines Disabled 7 | . . 1 . . 6 Max in Single Turn 1 | . . 1 . . 1 Machines Sabotaged . | . . . . . . Garrisons Compromised . | . . . . . . Overloaded Fab Kills . | . . . . . . Fab Network Shutdowns . | . . . . . . Hacking | -11 -10 -10 -9 -9 -9 --------- Run | Scr Mat Min Mat Min Exi Machines Accessed 6 | . 4 . . . 2 Terminals 4 | . 4 . . . . Fabricators . | . . . . . . Repair Stations . | . . . . . . Recycling Units . | . . . . . . Scanalyzers . | . . . . . . Garrison Access . | . . . . . . Total Hacks 10 | . 8 . . . 2 Successful 8 | . 6 . . . 2 Failed 2 | . 2 . . . . Catastrophic . | . . . . . . Database Lockouts . | . . . . . . Manual 10 | . 9 . . . 1 Terminals 8 | . 8 . . . . Fabricators . | . . . . . . Repair Stations . | . . . . . . Recycling Units . | . . . . . . Scanalyzers . | . . . . . . Garrison Access . | . . . . . . Terminal Hacks 6 | . 4 . . . 2 Record 1 | . . . . . 1 Disarm Traps 2 | . 2 . . . . Zone Layout 2 | . 2 . . . . EX-Prototype ID Bank 1 | . . . . . 1 Fabricator Hacks . | . . . . . . Repair Station Hacks . | . . . . . . Recycling Unit Hacks . | . . . . . . Scanalyzer . | . . . . . . Garrison Access Hacks . | . . . . . . Unauthorized Hacks 2 | . 2 . . . . Terminals 2 | . 2 . . . . Track 1 | . 1 . . . . Botnet 1 | . 1 . . . . Fabricators . | . . . . . . Repair Stations . | . . . . . . Recycling Units . | . . . . . . Scanalyzers . | . . . . . . Garrison Access . | . . . . . . Data Cores Recovered . | . . . . . . Used . | . . . . . . Hacking Detections 3 | . 3 . . . . Full Trace Events . | . . . . . . Feedback Events . | . . . . . . Feedback Blocked . | . . . . . . Robot Schematics Acquired . | . . . . . . Robots Built . | . . . . . . Matter . | . . . . . . Time . | . . . . . . Total Robot Build Rating . | . . . . . . Part Schematics Acquired . | . . . . . . Parts Built . | . . . . . . Matter . | . . . . . . Time . | . . . . . . Total Part Build Rating . | . . . . . . Parts Repaired . | . . . . . . Time . | . . . . . . Parts Recycled . | . . . . . . Recycled Matter . | . . . . . . Retrieved Matter . | . . . . . . Retrieved Components . | . . . . . . Parts Scanalyzed . | . . . . . . Part Schematics Acquired . | . . . . . . Parts Damaged . | . . . . . . Bothacking | -11 -10 -10 -9 -9 -9 ------------ Run | Scr Mat Min Mat Min Exi Used RIF Installer . | . . . . . . Robots Hacked . | . . . . . . Non-combat . | . . . . . . Combat . | . . . . . . Robot Hacks Applied . | . . . . . . Relay Couplers Released . | . . . . . . Robots Rewired . | . . . . . . Allies Hacked . | . . . . . . Hacks Repelled . | . . . . . . Allies | -11 -10 -10 -9 -9 -9 -------- Run | Scr Mat Min Mat Min Exi Total Allies 3 | . . 3 . . . Largest Group 3 | . . 3 3 . . Highest-Rated Group 40 | . . 40 40 . . Highest-Rated Ally 16 | . . 16 16 . . Total Orders . | . . . . . . Ally Attacks 19 | . . . 19 . . Total Damage 263 | . . . 263 . . Kills 6 | . . . 6 . . Allies Corrupted . | . . . . . . Allies Melted . | . . . . . . Intel | -11 -10 -10 -9 -9 -9 ------- Run | Scr Mat Min Mat Min Exi Robot Analysis Total . | . . . . . . Derelict Logs Recovered 2 | . . 1 . 1 . Drone Launches . | . . . . . . Drone Recoveries . | . . . . . . Exploration | -11 -10 -10 -9 -9 -9 ------------- Run | Scr Mat Min Mat Min Exi Turns Passed 4720 | 70 1053 772 612 466 1747 Spaces Moved 2287 | 53 583 421 297 211 722 Core 16 | 16 . . . . . Treads 909 | 1 . . . 186 722 Legs 1362 | 36 583 421 297 25 . Wheels . | . . . . . . Hover . | . . . . . . Flight . | . . . . . . Fastest Speed 50 | 50 120 180 180 200 180 Average Speed 183 | 107 164 180 186 208 198 Slowest Speed 270 | 160 180 180 270 270 200 Overloaded Moves . | . . . . . . Propulsion Burnouts . | . . . . . . Robots Hopped . | . . . . . . Cave-ins Triggered . | . . . . . . Exploration Rate (%) 59 | 4 90 91 26 61 87 Regions Visited 5 Branch Regions 3 Pre-discovered Areas 1 | . . . . . 1 Known Exits Taken 1 | . . . 1 . . Unknown Exits Taken 4 | 1 1 1 . 1 . Scrap Searched 3 | . . 1 . 2 . Spaces Dug . | . . . . . . Terrain Destroyed 65 | . . 26 10 18 11 Melee . | . . . . . . Projectile 3 | . . . . . 3 AOE 62 | . . 26 10 18 8 Terrain Rammed . | . . . . . . Walls Destroyed . | . . . . . . Machines Disabled . | . . . . . . Actions | -11 -10 -10 -9 -9 -9 --------- Run | Scr Mat Min Mat Min Exi Total 2631 | 63 646 430 344 229 919 Wait 86 | . 17 1 14 3 51 Move 2282 | 52 582 420 296 210 722 Hop . | . . . . . . Pick Up 43 | 3 14 1 11 5 9 Fast Attach 12 | 6 1 . 2 . 3 Attach 12 | 1 . . 1 . 10 Detach 6 | 1 . . . . 5 Swap 20 | . 5 1 4 4 6 Drop 24 | . 4 1 6 1 12 Fire 140 | . 23 5 10 5 97 Melee . | . . . . . . Ram . | . . . . . . Kick 1 | . . 1 . . . Crush . | . . . . . . Escape Stasis . | . . . . . . Rewire . | . . . . . . Trap 5 | . . . . 1 4 Miscellaneous . | . . . . . . Route ------- -11/Scrapyard -10/Materials (discovered 4 exits: [*Mat x3] / [*Min]) -10/Mines (discovered 2 exits: [*Mat x2]) -9/Materials -9/Mines (discovered 2 exits: [*Mat] / *Exi) -9/Exiles (discovered 2 exits: [*Min x2]) History --------- Turn | Location | Event 8 | -11/Scrapyard | Discovered new exit (range 16) 71 | -11/Scrapyard | Entered Materials 227 | -10/Materials | Discovered new exit (range 15) 307 | -10/Materials | Build established: Mutant 371 | -10/Materials | Discovered new exit (range 8) 690 | -10/Materials | Discovered new exit (range 5) 1099 | -10/Materials | Discovered new exit (range 12) 1124 | -10/Materials | Entered Mines 1125 | -10/Mines | Assembled infested the area 1130 | -10/Mines | Assisted by a Guerilla fighting off Assembled 1131 | -10/Mines | Learned location of 1 exit from Materials 1200 | -10/Mines | Discovered new exit (range 15) 1389 | -10/Mines | Discovered new exit (range 9) 1505 | -10/Mines | Assisted by bots powering up and referring to "LRC-V3" 1645 | -10/Mines | Received a Rocket Launcher from a helpful Derelict 1896 | -10/Mines | Entered Materials 1896 | -9/Materials | Accompanied by 3 allies 1896 | -9/Materials | Evolved 2 slots: Utility x2 1897 | -9/Materials | Identified exit to Mines 2258 | -9/Materials | Build established: Hauler-Mutant 2508 | -9/Materials | Entered Mines 2611 | -9/Mines | Found a hidden stash of uninstalled traps 2658 | -9/Mines | Learned Materials garrison access intel 2902 | -9/Mines | Discovered new exit (range 11) 2964 | -9/Mines | Deemed a non-threat by the Exiles lab entrance 2966 | -9/Mines | Discovered new exit (range 5) 2974 | -9/Mines | Entered Exiles 3006 | -9/Exiles | Discovered new exit (range 15) 3028 | -9/Exiles | Met 8R-AWN 3056 | -9/Exiles | Met EX-HEX 3551 | -9/Exiles | Met EX-DEC 3589 | -9/Exiles | Learned location of Zion (-6) 3745 | -9/Exiles | Met EX-BIN 3773 | -9/Exiles | Aligned with FarCom system 3775 | -9/Exiles | Given EX-Vault access code 3823 | -9/Exiles | Opened EX-Vault 3841 | -9/Exiles | Found Gui. Plasma Cannon 3886 | -9/Exiles | Warned to stay clear of 0b10 Research branches 4026 | -9/Exiles | Discovered new exit (range 12) 4096 | -9/Exiles | Attacked by the Exiles 4216 | -9/Exiles | Core integrity fell below 50% 4284 | -9/Exiles | Lost 5 parts (1p1n2u1w) 4284 | -9/Exiles | Core integrity fell below 20% 4325 | -9/Exiles | Destroyed 8R-AWN 4329 | -9/Exiles | Found Prototype Ballistic Gun 4339 | -9/Exiles | Lost 3 parts (1n1u1w) 4348 | -9/Exiles | Found Prototype Device 4348 | -9/Exiles | Identified AS-neutralizer No. 17b 4418 | -9/Exiles | Identified 8R-AWN's Boregun 4614 | -9/Exiles | Destroyed EX-HEX 4682 | -9/Exiles | Destroyed EX-BIN 4721 | -9/Exiles | Destroyed by EX-DEC with AWS/EX-DEC Last Messages --------------- 04637_ EX-BIN: "I just want to science!" 04642_ DK-RAY destroyed. 04652_ 5L-KAT destroyed. 04654_ GM-J5T destroyed. 04656_ Destroyed Mak. System Shield. 04658_ W1-DM0 destroyed. 04662_ Chain reaction triggered in Mak. Power Source. 04664_ 0O-WZ8(z) destroyed. 04670_ Acquired 14 matter. 04672_ Acquired 10 matter. 04682_ Chain reaction triggered in Prototype Reactor. 04682_ EX Chip 1 melted. 04682_ EX-BIN: "You can't kill me, my evil twin will get revenge!" 04682_ EX-BIN destroyed. 04682_ Machine disabled. 04690_ Acquired 18 matter. 04696_ ZX-C33 destroyed. 04704_ Acquired 30 matter. 04716_ Machine disabled. 04719_ EM Pulse Gun destroyed. Map ----- +----------------------------------------------------+ | ??????????????????????????????????????#" | | ??????????????????????????????????????#"""" | | ??????????????????????????????????????#"" | | ??????????????????????????????????????#" | | ??????????????????????????????????????#""" | | ??????????????????????????????????????## | | ???????????????????????????????????????#"" | | ???????????????????????????????????????##""" | | ????????????????????????????????????????##"""" | | ?????????????????????????????????????????### | | ???????????????????????????????????????????##### | | ???????????????????????????????????????????????## | | ????????????????????????????????????????????????# | | ????????????????????????????????????????????????#! | | ????????????????????????????????????????????????#% | | ??????????????????????????????????????####??????#* | | ?????????????????????????????"""""???#""""""????#= | | ???????????????????????????"""""""???#"""""""#??#% | | ???????????????????????????""""" "#??#" """"#??#* | | ?????????????????"?????#""#""" """???#"" """#?## | | ?????????????????" ???#""#"" ""????"" ""??#" | | ???????????????###"""###""###"""########"""###### | | ???????????" "" "" """"""" """ """""" | | ??????????# c """""" "" *%! | | ????????????"" = = / | | ?????????????"" @ * = % !!! | | ???????????"" = !%= !!!! | | ????????????"" "" = ""!!%! | | ????????????" """ """""" " """"" " " "!! | | ???????????????###"""########"""###""###"""####### | | ?????????????????" ????????"" ""#""#"" ""????? | | ??????????????????????????#""" ""#""#""" ""????? | | ??????????????????????????#" """"""""#" " "#???? | | ???????????????????????????"""""""????"""""""????? | | ???????????????????????????""""""??????""""""????? | | ?????????????????????????????????????????#???????? | | ?????????????????????????????????????????????????? | | ?????????????????????????????????????????????????? | | ?????????????????????????????????????????????????? | | ?????????????????????????????????????????????????? | | | | | | | | | | | | | | | | | | | | | +----------------------------------------------------+ Best States ------------- Heat Dissipation 28 Energy Generation 19 Energy Capacity 310 Matter Stores 300 Matter Capacity 300 Sight Range 16 Terrain Scan Density 10 Armor Coverage 300 Evasion (%) 40 Recoil Reduction 2 Item Schematics ----------------- None Robot Schematics ------------------ None Fabricated ------------ Nothing Alien Tech Used ----------------- None Achievements -------------- None Challenges ------------ None Game ------ Seed ShieldTractorPenetrator Manual? 0 Play Time 00:24:02 Cumulative 121.3 hours Start 2020.11.01 @ 16:33:53 End 2020.11.01 @ 16:59:34 Sessions 1 Manual Loads 0 Difficulty Rogue Special Mode Halloween2020/ForbiddenLore Game No. 153 Rogue 66 Adventurer 87 Explorer 0 Win Type - Total 4 Types 3/0/0/1/0/0/0/0/0 Lore% 54 Gallery% 65 Achievement% 55 Wizard Run 0 Options --------- ASCII 0 Keyboard 1 Movement Numpad Keybinds 0 Fullscreen 1 Font 18/Smallcaps Map View 76x50 Tactical HUD 1 Map Filters NONE Filters NONE Steam 1 RUN: 3b11e6b2-d29f-4ffc-b00f-92d15bb8731d